[Event "Slovakian-ch Youth 2022"]
[Site "Lubovna"]
[Date "2022.05.22"]
[Round "2.2"]
[White "Rucek, Kristian"]
[Black "Turcan, Richard"]
[Result "0-1"]
[ECO "A79"]
[WhiteElo "2128"]
[BlackElo "2278"]
[Annotator "TA"]
[PlyCount "110"]
[EventDate "2022.05.22"]
[EventCountry "SVK"]
[SourceTitle "playchess.com"]
[Source "ChessBase"]
[SourceQuality "1"]
[TimeControl "40/5400+30:1800+30"]

1. d4 Nf6 2. c4 c5 3. d5 e6 4. Nc3 exd5 5. cxd5 d6 6. Nf3 g6 7. Nd2 Bg7 8. e4 O-O 9. Be2 Re8 10. O-O Na6 11. f3 Nc7 12. a4 b6 13. Nc4 Ba6 14. Rb1 Bxc4 {[%emt 0:04:25] A79: Modern Benoni: Classical: 9...Re8 10 Nd2 Na6 11 f3.} 15. Bxc4 a6 16. b4 {[%emt 0:01:17] [#]} Nh5 $146 {[%emt 0:06:31] [#]} (16... Nd7 $11 17. bxc5 Nxc5) ({Predecessor:} 16... Nd7 17. bxc5 bxc5 18. Qc2 Qf6 19. Ne2 Ne5 20. Rb7 Qd8 21. Bd2 a5 22. Rfb1 Nxc4 23. Qxc4 {1-0 (32) Gyimesi,Z (2594)-Cvitan,O (2516) Sibenik 2009}) 17. Bd2 (17. bxc5 $1 $16 bxc5 18. Qc2) 17... Bd4+ $15 18. Kh1 {[%emt 0:00:14] [#]} Ng3+ 19. hxg3 Re5 $1 20. f4 Rh5+ 21. Qxh5 gxh5 22. bxc5 bxc5 23. e5 $1 Ne8 (23... dxe5 24. fxe5 Bxe5 25. Ne4 $11 (25. Rf5 Bg7 $11)) (23... h4 $17 24. g4 Qd7) 24. Ne4 (24. e6 $1 $11) 24... h4 25. g4 Qd7 ({Black should play} 25... Rb8 $1 $17 26. e6 Rxb1 27. exf7+ Kxf7 28. Ng5+ Kg8 29. Rxb1 Qd7) 26. e6 $11 fxe6 27. dxe6 Qc6 $36 {[%emt 0:00:30][%mdl 2048] Black has good play.} 28. e7+ $1 d5 29. Rb6 Qd7 {[%emt 0:11:52] Really sharp!} 30. Rd6 $2 {[%emt 0:00:13][%mdl 8192] White is now going downhill.} Nxd6 $19 31. Bxd5+ Kh8 32. Nxd6 {[%emt 0:07:25] [#]} (32. Bxa8 {only move.} Qxe7 33. Nxd6 Qxd6 34. Bf3) 32... Qxd6 $1 33. Bxa8 Qxe7 {[%emt 0:00:05] White must now prevent ...Qe2.} 34. Re1 {[%emt 0:00:25] Inhibits Qe2.} Qd7 35. f5 c4 36. Bh6 c3 {[%emt 0:03:48] ...c2 is the strong threat.} 37. Bd5 (37. g3 $142 c2 38. Kg2) 37... Qxd5 38. Re8+ Qg8 39. Rxg8+ Kxg8 {[%emt 0:00:04][%mdl 4096] Endgame KB-KB} 40. Bc1 Bf2 41. Kh2 Be1 42. Kh3 Kf7 (42... Bd2 $142 43. Ba3 Bg5) 43. Ba3 h6 44. g5 (44. Bc5 $142 Bd2 45. Bb4) 44... hxg5 45. Kg4 Bd2 ({Worse is} 45... Kf6 46. Bc5 $19) (45... a5 $142 46. Kxg5 h3 47. gxh3 Bd2+ 48. Kg4 c2) 46. Bb4 Kf6 47. Ba5 Be1 48. Bb6 Kf7 {[%emt 0:01:02] Strongly threatening ...Bg3.} 49. Bc5 a5 50. Bb6 {[%emt 0:00:33] [#]} Ke8 {[%emt 0:01:52] Against Bd8} (50... c2 51. Be3 Bc3 52. Bc1 $19) 51. Kf3 $2 ({But not} 51. Be3 $2 Bd2 52. Bd4 c2 $19) (51. Kh5) 51... Bg3 {[%emt 0:00:59] ( -> ...c2). Black is clearly winning.} 52. Bxa5 {[%emt 0:00:29] [#]} c2 $1 53. Bd2 Bf4 $1 54. Ke2 Bxd2 55. Kxd2 g4 {[%emt 0:00:04] Weighted Error Value: White=0.81/Black=0.29 (precise)} 0-1

[Event "Slovakian-ch Youth 2022"]
[Site "Lubovna"]
[Date "2022.05.22"]
[Round "2.2"]
[White "Hall, Richard V M"]
[Black "Kampe, Thomas Andre Ankil"]
[Result "0-1"]
[ECO "C00"]
[WhiteElo "2015"]
[BlackElo "1693"]
[Annotator "TA"]
[PlyCount "102"]
[EventDate "2022.05.22"]
[EventCountry "SVK"]
[SourceTitle "playchess.com"]
[Source "ChessBase"]
[SourceQuality "1"]
[TimeControl "40/5400+30:1800+30"]

1. e4 e6 2. Nf3 d5 3. exd5 exd5 4. c4 d4 5. Bd3 Nc6 {[%emt 0:00:15] [#]} 6. O-O $146 {[%emt 0:00:27] C00: French: Unusual White 2nd moves.} ({Predecessor:} 6. Be4 d3 7. O-O Nf6 8. Bxc6+ bxc6 9. Re1+ Be7 10. Ne5 Bb7 11. Qb3 Rb8 12. Qxd3 {1-0 (19) Vio,M (1476)-Courteille,T (1264) LSS email 2014}) 6... Nb4 (6... Be7 $11) 7. Be2 $2 (7. Qa4+ $1 $14 {stays ahead.} Qd7 8. Re1+ Kd8 9. Bc2) 7... d3 $1 $17 {[%emt 0:00:25] Black is more active.} 8. a3 (8. Re1 $17 {was worth a try.} dxe2 9. d4) 8... Nc2 $19 ({Less strong is} 8... dxe2 9. Qxe2+ Qe7 10. Qxe7+ Nxe7 11. axb4 $14) 9. Ra2 dxe2 10. Qxe2+ {[%emt 0:00:48] [#]} Qe7 (10... Ne7 $1 $19 {Threatens to win with ...Bf5.} 11. Nc3 Nd4 12. Nxd4 Qxd4) 11. Qxe7+ $2 ({White should try} 11. Qd3 $15 Bg4 12. Qxc2 Bxf3 13. gxf3) 11... Bxe7 (11... Nxe7 $142 12. Nc3 Bg4) 12. b4 Nxb4 13. axb4 $15 Bxb4 14. Re1+ Be7 ({Reject} 14... Ne7 15. Ba3 Bxa3 16. Nxa3 $11) (14... Be6 $1 $15) 15. Ba3 (15. d4 $11) 15... Be6 16. d3 (16. d4 $11 c6 17. Nbd2) 16... Bxa3 17. Nxa3 Nf6 (17... a6 $17) 18. d4 (18. Rb1 $11 {remains equal.}) 18... O-O 19. d5 {[%emt 0:00:21] [#]} Bg4 (19... Bd7 $1 $17) 20. Ne5 Rfe8 ({Black should play} 20... a6 $1 $15) 21. Nb5 $11 Rac8 22. Nxa7 Ra8 23. f3 Bf5 24. g3 {[%emt 0:00:38] Black converts the advantage convincingly.} (24. Ra3 $11) 24... Nd7 $17 25. Kf1 $2 (25. f4) 25... Rxe5 26. Rxe5 Nxe5 27. f4 Nxc4 28. Re2 Bd3 29. Nb5 Bxe2+ 30. Kxe2 c6 31. Nc7 Rc8 32. d6 Nxd6 {[%emt 0:00:32] Black mates.} 33. h4 Rxc7 34. g4 b5 35. Ke3 b4 36. f5 b3 37. Kd2 b2 38. Kc2 Rb7 39. Kb1 f6 40. g5 Nxf5 41. gxf6 Nxh4 42. fxg7 c5 43. Kc2 b1=Q+ 44. Kc3 Rb2 45. Kc4 Qc1+ 46. Kd5 Rd2+ 47. Ke5 Qe1+ 48. Kf6 Rf2+ 49. Kg5 Qg1+ 50. Kh5 Rh2 51. Kh6 Nf3# {[%emt 0:00:30] Weighted Error Value: White=1.17/Black=0.48} 0-1

[Event "Slovakian-ch Youth 2022"]
[Site "Lubovna"]
[Date "2022.05.22"]
[Round "2.2"]
[White "Smetana, Peter"]
[Black "Pongo, Aron"]
[Result "0-1"]
[ECO "C14"]
[WhiteElo "1740"]
[BlackElo "1566"]
[Annotator "NA COMBH"]
[PlyCount "120"]
[EventDate "2022.05.22"]
[EventCountry "SVK"]
[SourceTitle "playchess.com"]
[Source "ChessBase"]
[SourceQuality "1"]
[TimeControl "40/5400+30:1800+30"]

1. e4 e6 2. d4 d5 3. Nc3 Nf6 4. Bg5 Be7 5. e5 Nfd7 6. Bxe7 Qxe7 7. f4 a6 8. Nf3 c5 9. dxc5 Qxc5 10. Qd2 Nc6 11. O-O-O b5 12. Kb1 Nb6 13. b3 Bd7 14. Nd4 b4 15. Nce2 Nxd4 16. Qxd4 Qxd4 17. Nxd4 O-O 18. Bd3 Rfc8 19. Kb2 Rc5 20. g4 a5 21. h4 Nc8 22. h5 Na7 23. g5 Bb5 24. Bxb5 Nxb5 25. Nxb5 Rxb5 26. Rd4 Rc8 27. Rh2 Rbc5 28. Rhd2 g6 29. h6 Rc3 30. R4d3 Kf8 31. Kb1 Ke7 32. Rxc3 Rxc3 33. Rd3 Kd7 34. Rxc3 bxc3 35. Kc1 Kc6 36. Kd1 Kc5 37. Ke2 Kb4 38. a4 Ka3 39. Ke3 Kb2 40. Kd3 d4 41. b4 axb4 42. a5 b3 43. a6 bxc2 44. a7 c1=Q 45. a8=Q Qd1+ 46. Kc4 Qb3+ 47. Kc5 Qd5+ 48. Qxd5 exd5 49. f5 gxf5 50. e6 fxe6 51. g6 c2 52. g7 c1=Q+ 53. Kxd4 Qg5 54. Ke5 f4+ 55. Kd4 f3 56. Kd3 e5 57. g8=Q Qxg8 58. Ke3 Qg5+ 59. Kd3 Qf5+ 60. Ke3 Qe4+ 0-1

[Event "Slovakian-ch Youth 2022"]
[Site "Lubovna"]
[Date "2022.05.22"]
[Round "2.3"]
[White "Bochnicka, Vladimir"]
[Black "Petrek, Dominik"]
[Result "1/2-1/2"]
[ECO "A28"]
[WhiteElo "2267"]
[BlackElo "2110"]
[Annotator "TA"]
[PlyCount "107"]
[EventDate "2022.05.22"]
[EventCountry "SVK"]
[SourceTitle "playchess.com"]
[Source "ChessBase"]
[SourceQuality "1"]
[TimeControl "40/5400+30:1800+30"]

1. c4 e5 2. Nc3 Nf6 3. Nf3 Nc6 4. e3 Be7 5. a3 a5 6. d4 d6 {[%emt 0:09:35] A28: English Opening: Four Knights Variation.} 7. Bd3 O-O 8. h3 {[%emt 0:04:23] [#]} Re8 $146 {[%emt 0:14:33] White has an edge.} ({Predecessor:} 8... Ne8 9. d5 Nb8 10. e4 Na6 11. b4 f5 12. exf5 Bxf5 13. Bxf5 Rxf5 14. Rb1 axb4 15. axb4 {1-0 (29) Poluljahov,A (2525)-Kislov,M (2370) Swidnica 2000}) 9. O-O Bf8 10. Qc2 g6 11. Rd1 Qe7 {[%emt 0:10:54] [#] Threatens to win with ...e4.} 12. Nd5 Nxd5 13. cxd5 e4 14. Bxe4 Qxe4 15. Qxe4 Rxe4 16. dxc6 bxc6 17. Bd2 Bd7 18. b4 axb4 19. axb4 Ree8 20. Rdc1 Rxa1 21. Rxa1 f6 22. Ra7 Rc8 23. e4 c5 24. d5 Bb5 25. bxc5 Bd3 26. Ba5 dxc5 27. Bxc7 {[%emt 0:02:13] e5 is the strong threat.} Bxe4 28. d6 {[%emt 0:00:42] aiming for d7.} Bc6 29. Ra5 c4 30. Rc5 Bd7 31. Nd2 Ra8 32. Rxc4 {[%emt 0:01:08] Hoping for Ne4.} Ra1+ 33. Kh2 {[%emt 0:00:02] And now Ne4 would win.} Rd1 34. Ne4 Kf7 35. f4 Bf5 36. Nc3 Rd3 37. Nb5 Bd7 38. Nd4 Bh6 39. Nf3 Bf8 40. Nd4 Bh6 41. Nf3 Ke6 42. Ne1 Kd5 43. Rb4 {[%emt 0:02:58] [#]} (43. Nxd3 $11 {keeps the balance.} Kxc4 44. Nb2+ Kc3 45. Nd1+ Kd2 46. Nf2) 43... Rd4 ({Black should try} 43... Re3 $1 $17 44. Nf3 Re4) 44. Rxd4+ $11 Kxd4 {[%emt 0:00:08][%mdl 4096] Endgame KBB-KBN} 45. Kg3 (45. g3 $11) 45... Kd5 (45... Ke4 $17 46. Kf2 Bxf4) 46. Nd3 {[%emt 0:02:04] The position is equal.} Bf8 47. Bd8 Bxd6 48. Bxf6 Bf5 49. Nf2 h5 50. Nd1 Ke4 51. Nc3+ Ke3 52. Bg5 Be6 53. Nb5 Bb8 54. Nc3 {[%emt 0:01:36] Weighted Error Value: White=0.12 (very precise) /Black=0.09 (flawless)} 1/2-1/2

[Event "Slovakian-ch Youth 2022"]
[Site "Lubovna"]
[Date "2022.05.22"]
[Round "2.3"]
[White "Gay, Lukas"]
[Black "Hudak, Jan"]
[Result "1-0"]
[ECO "B30"]
[WhiteElo "1480"]
[BlackElo "1688"]
[Annotator "NA COMBH"]
[PlyCount "99"]
[EventDate "2022.05.22"]
[EventCountry "SVK"]
[SourceTitle "playchess.com"]
[Source "ChessBase"]
[SourceQuality "1"]
[TimeControl "40/5400+30:1800+30"]

1. e4 c5 2. Nf3 Nc6 3. c3 d5 4. exd5 Qxd5 5. d4 e6 6. Be3 cxd4 7. Nxd4 a6 8. Nxc6 Qxc6 9. Qb3 Bc5 10. Bxc5 Qxc5 11. Nd2 Nf6 12. Qc4 Qb6 13. Nb3 O-O 14. Qd4 Qxd4 15. Nxd4 e5 16. Nf3 Re8 17. Bc4 h6 18. Rd1 Bg4 19. Be2 Bxf3 20. Bxf3 e4 21. Be2 e3 22. f3 Nh5 23. g3 f5 24. f4 Nf6 25. Bf3 Re7 26. Ke2 Rae8 27. h4 b5 28. Rd6 b4 29. c4 Ne4 30. Bxe4 Rxe4 31. b3 Ra8 32. Rhd1 a5 33. Rd8+ Rxd8 34. Rxd8+ Kf7 35. Rd5 a4 36. Rxf5+ Kg6 37. Rb5 axb3 38. axb3 Rd4 39. Kxe3 Rd1 40. Rxb4 Kf5 41. Rb7 g6 42. c5 Kg4 43. Rg7 Kh5 44. c6 Rd8 45. c7 Re8+ 46. Kd4 g5 47. hxg5 hxg5 48. Rxg5+ Kh6 49. Rc5 Rc8 50. Kd5 1-0

[Event "Slovakian-ch Youth 2022"]
[Site "Lubovna"]
[Date "2022.05.22"]
[Round "2.4"]
[White "Oruzinsky, Juraj"]
[Black "Polomsky, Tomas"]
[Result "0-1"]
[ECO "B43"]
[WhiteElo "1656"]
[BlackElo "1467"]
[Annotator "NA COMBH"]
[PlyCount "88"]
[EventDate "2022.05.22"]
[EventCountry "SVK"]
[SourceTitle "playchess.com"]
[Source "ChessBase"]
[SourceQuality "1"]
[TimeControl "40/5400+30:1800+30"]

1. e4 c5 2. Nf3 e6 3. d4 cxd4 4. Nxd4 a6 5. Nc3 b5 6. Be3 Qc7 7. Bd3 Nf6 8. O-O Bb7 9. a3 d5 10. exd5 Nxd5 11. Nxd5 Bxd5 12. Qg4 Nd7 13. Bf4 Qb6 14. c3 Nf6 15. Qe2 Bd6 16. Bxd6 Qxd6 17. Nf5 Qc6 18. f3 Qb6+ 19. Kh1 O-O 20. Qe3 Qxe3 21. Nxe3 Rfd8 22. Bc2 Rd7 23. Rfd1 Rad8 24. Kg1 Kf8 25. Kf2 Ke7 26. Nxd5+ Nxd5 27. g3 Nb6 28. Rxd7+ Rxd7 29. Rd1 Rxd1 30. Bxd1 Nc4 31. b3 Nxa3 32. Ke3 Kd6 33. Be2 a5 34. Kd4 e5+ 35. Ke4 Nb1 36. Kd3 Kd5 37. c4+ Kc5 38. Kc2 Na3+ 39. Kb2 b4 40. Bd3 g6 41. g4 Kd4 42. Be4 a4 43. g5 axb3 44. Bd5 Nxc4+ 0-1

[Event "Slovakian-ch Youth 2022"]
[Site "Lubovna"]
[Date "2022.05.22"]
[Round "2.5"]
[White "Stevik, Patrik"]
[Black "Beres, Tomas"]
[Result "1/2-1/2"]
[ECO "E05"]
[WhiteElo "2249"]
[BlackElo "2059"]
[Annotator "TA"]
[PlyCount "80"]
[EventDate "2022.05.22"]
[EventCountry "SVK"]
[SourceTitle "playchess.com"]
[Source "ChessBase"]
[SourceQuality "1"]
[TimeControl "40/5400+30:1800+30"]

1. Nf3 d5 2. d4 Nf6 3. c4 e6 4. g3 Be7 5. Bg2 O-O 6. O-O dxc4 7. Ne5 c5 8. dxc5 Qc7 {[%emt 0:00:20] [#] E05: Open Catalan: 5 Nf3 Be7.} 9. c6 $1 bxc6 (9... Qxe5 10. cxb7 Bxb7 11. Bxb7 $16) (9... Nxc6 10. Nxc6) 10. Nxc4 {[%emt 0:01:31] [#]} Nbd7 $146 {[%emt 0:01:08] The position is equal.} ({Predecessor:} 10... e5 11. b3 Be6 12. Bb2 Nbd7 13. Qc2 Rfc8 14. Nbd2 Nd5 15. e4 Nb4 16. Qc3 f6 {½-½ (48) Stadler,A (2038)-Laubert,J (2123) Bayerisch Eisenstein 2012}) 11. Bd2 Ba6 12. Qc2 Rac8 13. Rc1 Nd5 14. Ba5 N7b6 15. Nbd2 Qb8 16. e4 Nxc4 17. Nxc4 Nb6 18. Ne3 Rfd8 19. Rd1 c5 20. h4 Rxd1+ 21. Rxd1 Bf6 22. Ng4 Bd4 {[%emt 0:00:36] aiming for ...Nc4.} 23. b3 {[%emt 0:03:08] Against Nc4} Qxg3 24. Rxd4 Qxg4 25. Rd6 h6 ({Don't play} 25... Qxh4 26. Bxb6 Qe7 27. e5 (27. Bc7 Bb7 $17) 27... axb6 28. Rxb6 $11) 26. Bxb6 (26. Qd1 $17 Be2 27. f3 Bxd1 28. fxg4 Bxg4 29. Bf1) 26... axb6 $19 27. Rxb6 (27. Qd2 $142) 27... Be2 {[%emt 0:00:34] ( -> ...Bf3)} 28. Qc3 {[%emt 0:00:41] Against Bf3} Qxh4 {[%emt 0:02:32] Strongly threatening ...Rd8.} 29. Qe3 (29. Rd6 $142) 29... Qd8 30. Rb7 Ba6 31. Ra7 Qb6 32. Rd7 Qc6 ({Black should play} 32... Qb5 $17 33. Ra7 c4 34. bxc4 Qb1+ 35. Kh2 Bxc4) 33. Qd2 $11 Bb7 34. Rd3 (34. a4 $11 {keeps the balance.}) 34... e5 ({Better is} 34... Qe8 $17) 35. Rd6 Qc7 36. Bh3 Rf8 {[%emt 0:00:58] ...c4 is the strong threat.} (36... Bxe4 $2 37. Bxc8 c4 {[#]} 38. bxc4 $1 $18) 37. Bf5 Bc8 38. Qd5 Qe7 {[%emt 0:00:29][%cal Oc5c4] White must now prevent ...c4!} 39. Bxc8 $1 Rxc8 40. Rd7 $1 Qg5+ {[%emt 0:00:28] White happily takes the draw.  Weighted Error Value: White=0.21 (precise) /Black=0.25 (precise)} 1/2-1/2

[Event "Slovakian-ch Youth 2022"]
[Site "Lubovna"]
[Date "2022.05.22"]
[Round "2.5"]
[White "Paholok, Adam"]
[Black "Durana, Jonas"]
[Result "0-1"]
[ECO "B53"]
[WhiteElo "1449"]
[BlackElo "1644"]
[Annotator "NA COMBH"]
[PlyCount "70"]
[EventDate "2022.05.22"]
[EventCountry "SVK"]
[SourceTitle "playchess.com"]
[Source "ChessBase"]
[SourceQuality "1"]
[TimeControl "40/5400+30:1800+30"]

1. e4 c5 2. Nf3 d6 3. d4 cxd4 4. Qxd4 Nc6 5. Bb5 Bd7 6. Bxc6 Bxc6 7. Nc3 Nf6 8. Bg5 e5 9. Qd3 h6 10. Be3 Be7 11. O-O-O a6 12. Rhg1 b5 13. a3 Rc8 14. g4 Qc7 15. g5 hxg5 16. Bxg5 Qa5 17. Bd2 b4 18. Nd5 Bxd5 19. Bxb4 Qc7 20. exd5 e4 21. Qb3 exf3 22. Rd3 Rxh2 23. Re1 Rxf2 24. Rc3 Qd7 25. Rxc8+ Qxc8 26. Bxd6 Re2 27. Rxe2 fxe2 28. Qe3 Qd7 29. Bxe7 Qxe7 30. Qxe7+ Kxe7 31. Kd2 Kd6 32. Kxe2 Kxd5 33. Ke3 Ng4+ 34. Kf4 Ne5 35. Ke3 Nc4+ 0-1

[Event "Slovakian-ch Youth 2022"]
[Site "Lubovna"]
[Date "2022.05.22"]
[Round "2.6"]
[White "Chlpek, Daniel"]
[Black "Brnusak, Tomas"]
[Result "1/2-1/2"]
[ECO "A04"]
[WhiteElo "2030"]
[BlackElo "2212"]
[Annotator "TA"]
[PlyCount "133"]
[EventDate "2022.05.22"]
[EventCountry "SVK"]
[SourceTitle "playchess.com"]
[Source "ChessBase"]
[SourceQuality "1"]
[TimeControl "40/5400+30:1800+30"]

1. Nf3 f5 2. d3 Nf6 3. e4 d6 4. exf5 Bxf5 5. d4 g6 6. Bd3 {[%emt 0:03:57] A04: Unusual lines after 1 Nf3 and King's Indian Attack.} Bg4 (6... Qd7 $14) 7. h3 Bxf3 8. Qxf3 {[%emt 0:00:08] White is slightly better.} ({Reject} 8. gxf3 Bg7 $11) 8... c6 {[%emt 0:00:14] [#]} 9. O-O $146 ({Predecessor:} 9. Qg3 Qb6 10. c3 Nbd7 11. Nd2 O-O-O 12. a4 Qc7 13. Nf3 e5 14. Ng5 exd4 15. O-O {½-½ (24) Verhoef,H (1922)-Beier,T (1743) Bockenem 2004}) 9... Bg7 10. Bc4 (10. Qe2 $16) 10... d5 $14 11. Bd3 O-O 12. Qe3 Nbd7 13. Nd2 $36 {[%emt 0:01:10][%mdl 2048] White is more active.} Nh5 14. Qe6+ Kh8 15. Nf3 {[%emt 0:01:59] [#]} (15. Nb3 $1 $11) 15... Rf6 (15... Rxf3 $1 $15 {stays ahead.} 16. gxf3 Bxd4) 16. Qe2 {[%emt 0:00:23] White is more active.} Nf8 ({Black should try} 16... Qc7 $14) 17. Bg5 $16 Re6 18. Qd2 Qb6 19. c3 c5 20. dxc5 Qxc5 21. Be3 Qc7 22. Nd4 (22. Be2 $142) 22... Rf6 23. f4 Ng3 24. Rf3 Ne4 25. Bxe4 dxe4 26. Rf2 Rd8 27. Qc2 e5 28. fxe5 Rxf2 29. Qxf2 ({Better is} 29. Bxf2 Qxe5 30. Re1) 29... Qxe5 30. Rf1 (30. Qf7 {looks sharper.} Rd7 31. Qc4 a6 32. Nb3) 30... Nd7 (30... a6 $142) 31. Qf4 (31. Qf7 $1 $16 {And now Ne6 would win.} Nc5 32. b4) 31... Qxf4 (31... Nc5 $14) 32. Rxf4 {[%emt 0:00:45] Strongly threatening Ne6.} Nc5 {[%emt 0:00:05] Inhibits Ne6.} 33. Rf7 Be5 {[%emt 0:02:02] Against Rc7} 34. Re7 $1 Bd6 {[%emt 0:01:07] [#]} 35. Rf7 (35. Ne6 $1 $16 {Threatening mate with Bd4+.} Bxe7 36. Nxd8) 35... Kg8 36. Rf2 a6 37. Rd2 Nd3 38. Ne6 Re8 39. Ng5 Bf4 40. Bxf4 Nxf4 $11 {[%emt 0:00:06][%mdl 4096] Endgame KRN-KRN} 41. Rf2 (41. Rd7 $5 ) 41... Nd3 42. Rd2 Nc5 {[%emt 0:00:12] Hoping for ...h6.} 43. Rd5 b6 {[%emt 0:06:03] Threatens to win with ...h6.} 44. Rd4 Re5 45. b4 (45. h4 $11) 45... Rxg5 $15 46. bxc5 Rxc5 47. Rxe4 Rxc3 {[%emt 0:00:08] KR-KR} 48. Re6 {[%emt 0:00:00] [#]} Ra3 ({Black should play} 48... Rc1+ $1 $17 49. Kf2 Rb1) 49. Rxb6 $11 Rxa2 50. Rb7 a5 51. Ra7 a4 52. Kh2 a3 53. Kg3 Ra1 {[%emt 0:00:25] aiming for ...a2.} 54. Kg4 h6 55. h4 (55. Kf3 $15 a2 56. Kg4) 55... a2 $17 56. Kg3 {[%emt 0:00:00] [#]} h5 $2 (56... Kf8 $1 $19 {...Ke8 is the strong threat.} 57. Kf2 Ke8) 57. Kh2 Kf8 58. Kg3 Ke8 59. Ra8+ Kd7 60. Ra7+ Kc6 61. Ra6+ Kb5 62. Ra8 Kc4 63. Rc8+ Kd3 64. Rd8+ Ke2 {[%emt 0:00:09] ( -> ...Re1)} 65. Ra8 Kf1 66. Ra7 Kg1 ({Wrong is} 66... Ke2 $2 67. Re7+ Kd3 68. Ra7 $17) (66... Ke1 $5) 67. Ra8 {[%emt 0:00:00] What a bad dream for Black.  Weighted Error Value: White=0.18 (very precise) /Black=0.22 (precise)} 1/2-1/2

[Event "Slovakian-ch Youth 2022"]
[Site "Lubovna"]
[Date "2022.05.22"]
[Round "2.6"]
[White "Carnecky, Viliam"]
[Black "Benci, Jozef"]
[Result "0-1"]
[ECO "B51"]
[WhiteElo "1380"]
[BlackElo "1873"]
[Annotator "NA RC COMBH"]
[PlyCount "74"]
[EventDate "2022.05.22"]
[EventCountry "SVK"]
[SourceTitle "playchess.com"]
[Source "ChessBase"]
[SourceQuality "1"]
[TimeControl "40/5400+30:1800+30"]

1. e4 c5 2. Nf3 d6 3. Bb5+ Nd7 4. c3 Ngf6 5. e5 dxe5 6. Nxe5 Qc7 7. d4 a6 8. Bxd7+ Bxd7 9. Bf4 Qb6 10. b3 e6 11. O-O Be7 12. Re1 Bc6 13. Nc4 Qd8 14. dxc5 Bxc5 15. Bd6 Ba7 16. Nba3 Ne4 17. Bg3 Nxg3 18. hxg3 Qf6 19. Qc2 O-O 20. Ne5 Rac8 21. Nxc6 Rxc6 22. c4 Bc5 23. Rab1 Bxa3 24. b4 Rb6 25. Rb3 Rxb4 26. Rxa3 Rb2 27. Qe4 Qxf2+ 28. Kh2 Rd8 29. Rg1 Qf6 30. Rf3 Qh6+ 31. Qh4 Qxh4+ 32. gxh4 Rdd2 33. Rb3 Rxb3 34. axb3 f6 35. Rb1 Kf7 36. b4 Rd4 37. c5 Rxh4+ 0-1

[Event "Slovakian-ch Youth 2022"]
[Site "Lubovna"]
[Date "2022.05.22"]
[Round "2.7"]
[White "Gyerpal, Adrian"]
[Black "Marcin, Richard"]
[Result "1-0"]
[ECO "A62"]
[WhiteElo "2171"]
[BlackElo "1325"]
[Annotator "TA"]
[PlyCount "67"]
[EventDate "2022.05.22"]
[EventCountry "SVK"]
[SourceTitle "playchess.com"]
[Source "ChessBase"]
[SourceQuality "1"]
[TimeControl "40/5400+30:1800+30"]

1. d4 Nf6 2. Nf3 c5 3. c4 e6 4. d5 exd5 5. cxd5 d6 6. Nc3 g6 7. g3 {[%emt 0:00:08] 7.h3 is setting a new trend.} Bg7 8. Bg2 O-O 9. Nd2 {[%emt 0:01:42] A62: Modern Benoni: Fianchetto Variation without early ...Nbd7.} Re8 10. Nc4 Bf5 (10... Bf8 $14) 11. O-O {[%emt 0:06:02] [#] White is better.} Ne4 $146 ({Predecessor:} 11... a5 12. f3 Ra6 13. e4 Bd7 14. a4 Rf8 15. Be3 Ne8 16. e5 Bc8 17. Nb5 Nd7 18. exd6 {½-½ (71) Malmstroem,J (2162)-Galvin,J (2014) IECC email 1998}) 12. Nxe4 (12. Bxe4 $16 Bxe4 13. Nb5) 12... Bxe4 $11 13. Bf4 Bxg2 14. Kxg2 Be5 (14... Re4 $11 15. Qc2 (15. Nxd6 Rxf4 16. gxf4 Qxd6 $17) 15... Qe7) 15. Bxe5 $16 dxe5 16. a4 e4 17. Qd2 ({White should play} 17. Qb3 $16) 17... Nd7 18. Nd6 (18. d6 $16) 18... Re5 $1 $11 19. Nxb7 Qe7 (19... Qc7 $5 20. Na5 Nb6 $11) 20. Na5 Qg5 $2 {[%emt 0:07:32] This costs Black the game.} (20... Rh5 $11 {and Black stays safe.}) 21. Qxg5 $18 Rxg5 22. Rfd1 $36 {[%emt 0:02:42][%mdl 2048] White is in control.} Rb8 23. h4 Rf5 (23... Rh5 $142 24. Rab1 a6) 24. Nc6 $1 Re8 (24... Rb3 {is a better defense.} 25. Ne7+ Kg7 26. Nxf5+ gxf5) 25. Nxa7 Ne5 (25... Ra8 $142 26. Nc6 Rf6) 26. d6 {[%emt 0:02:13][%cal Bd5d6,Bd6d7][%mdl 32] aiming for a5.} Rd8 27. Rac1 Ng4 28. d7 Rxf2+ 29. Kg1 $1 ({Don't blunder} 29. Kh3 $2 f5 30. Rh1 Rxe2 $19) 29... Rxe2 {[%emt 0:03:24] ...e3 is the strong threat.} 30. Nc6 Ne3 31. Nxd8 Rg2+ 32. Kh1 {[%emt 0:00:20][%cal Od8e6] White threatens Ne6! and mate.} Rxg3 {[%emt 0:00:22] [#]} 33. Rd2 (33. Nxf7 $142 $1 Rh3+ (33... Nxd1 34. d8=Q+) 34. Kg1 Kg7 {[#]} 35. d8=Q $1 Rg3+ 36. Kh2 Rg2+ 37. Kh3 Rh2+ 38. Kxh2) 33... Ng4 34. Nc6 {[%emt 0:00:52] Weighted Error Value: White=0.31/Black=1.18} 1-0

[Event "Slovakian-ch Youth 2022"]
[Site "Lubovna"]
[Date "2022.05.22"]
[Round "2.7"]
[White "Magda, Filip"]
[Black "Tokarcik, Jan"]
[Result "1-0"]
[ECO "D02"]
[WhiteElo "1624"]
[BlackElo "1313"]
[Annotator "NA COMBH"]
[PlyCount "53"]
[EventDate "2022.05.22"]
[EventCountry "SVK"]
[SourceTitle "playchess.com"]
[Source "ChessBase"]
[SourceQuality "1"]
[TimeControl "40/5400+30:1800+30"]

1. d4 d5 2. Nf3 Nf6 3. c4 e6 4. g3 Nc6 5. Bg2 Bb4+ 6. Nbd2 dxc4 7. a3 Ba5 8. Qa4 c3 9. bxc3 Bxc3 10. Rb1 Bxd2+ 11. Bxd2 O-O 12. O-O Ne4 13. Rfd1 Nd6 14. Ne5 Bd7 15. Bxc6 bxc6 16. Nxc6 Qe8 17. Rdc1 Bxc6 18. Qxc6 Qxc6 19. Rxc6 Rfc8 20. Rbc1 Nb5 21. Be3 h6 22. a4 Nd6 23. Rxc7 Rxc7 24. Rxc7 Nf5 25. Kg2 g5 26. Kf3 Kg7 27. Ke4 1-0